Map: Ley Lines

Players

Percival - Winner!

  • Race: Terran Terran
  • Spawn Location: 1:00

Shameless

  • Race: Protoss Protoss
  • Spawn Location: 7:00

VOD

Have the link to the VOD?

Description

Time

  • Played on: May 27, 2025, 7:49 p.m.
  • Length: 9:11
Show
View Real Time Build Order
Export as new Build Order

Percival Terran - Winner!

Build Orders: Cyclone Opening 

Get SALT Encoding   

  12  0:00  SCV  
  13  0:12  SCV  
  14  0:17  Supply Depot  
  14  0:24  SCV  
  15  0:38  SCV  
  15  0:39  Barracks  
  16  0:43  Refinery  
  16  0:50  SCV  
  16  0:52  Refinery  
  17  1:02  SCV  
  18  1:06  Supply Depot  
  18  1:14  SCV  
  19  1:26  Reaper  
  19  1:27  Orbital Command  
  20  1:42  Factory  
  20  1:53  SCV  
  21  1:59  Barracks Tech Lab  
  21  2:05  SCV  
  22  2:15  Command Center  
  22  2:18  SCV  
  23  2:30  SCV  
  23  2:32  Starport  
  24  2:40  Cyclone  
  24  2:42  SCV  
  28  2:47  Supply Depot  
  28  2:53  Barracks Tech Lab  
  28  2:55  SCV  
  29  3:07  SCV  
  29  3:12  Refinery  
  30  3:17  Banshee  
  30  3:18  Barracks Reactor  
  33  3:23  SCV  
  34  3:28  Orbital Command  
  34  3:30  Cloaking Field  
  34  3:35  SCV  
  34  3:38  Barracks  
  35  3:48  SCV  
  36  3:50  Siege Tank  
  36  3:55  SCV  
  40  3:58  Marine x2  
  40  4:00  SCV  
  43  4:04  Banshee  
  43  4:08  Supply Depot  
  47  4:10  SCV  
  47  4:15  SCV  
  47  4:16  Marine x2  
  50  4:22  Barracks  
  50  4:23  SCV  
  51  4:27  SCV  
  52  4:31  Siege Tank  
  52  4:36  SCV  
  52  4:38  Supply Depot  
  56  4:39  SCV  
  56  4:42  Marine x2  
  60  4:48  SCV  
  61  4:57  SCV, Engineering Bay  
  61  4:58  Supply Depot  
  61  5:01  SCV  
  61  5:03  Starport Reactor, Siege Tank  
  61  5:04  Marine x2  
  61  5:06  Marine  
  68  5:12  SCV  
  68  5:13  SCV  
  70  5:19  Marine  
  70  5:20  Supply Depot  
  70  5:22  Marine x2  
  70  5:25  SCV x2  
  70  5:26  Marine  
  75  5:37  SCV  
  75  5:41  Stimpack  
  75  5:42  Marine x2  
  76  5:46  Factory Reactor  
  76  5:49  Marauder  
  80  5:50  Medivac x2  
  80  5:54  Terran Infantry Weapons Level 1  
  80  5:56  Supply Depot, SCV x2, Refinery  
  86  5:57  Supply Depot  
  86  6:01  Combat Shield  
  86  6:08  SCV x2  
  82  6:15  Marauder, Marine x2  
  87  6:18  Marauder  
  87  6:20  SCV x2  
  87  6:23  Missile Turret  
  87  6:24  Supply Depot  
  79  6:32  Marine  
  79  6:33  Marine  
  79  6:37  Medivac x2, Marauder  
  86  6:40  Marauder  
  86  6:46  Widow Mine x2  
  89  6:53  Supply Depot  
  89  6:55  Command Center  
  89  6:56  Marine x2  
  89  6:57  Supply Depot  
  89  6:59  Marauder  
  93  7:02  Marauder  
  89  7:15  Barracks, Widow Mine x2  
  93  7:16  Marine x2  
  93  7:17  Barracks  
  93  7:20  SCV x2  
  97  7:23  Marauder  
  97  7:24  Marauder  
  101  7:30  Medivac x2  
  101  7:34  Ghost Academy  
  106  7:42  Marine x2  
  106  7:43  Widow Mine x2  
  111  7:46  Marauder  
  111  7:49  Marauder  
  111  7:50  Concussive Shells  
  115  7:52  SCV x2  
  115  7:55  Missile Turret  
  117  8:04  SCV x2  
  118  8:06  Marine x2  
  118  8:07  Marauder  
  118  8:09  Barracks Reactor, Barracks Tech Lab  
  118  8:10  SCV, Marauder  
  113  8:20  Widow Mine x2  
  113  8:24  SCV  
  113  8:26  Marine x2  
  120  8:28  SCV, Marauder  
  120  8:31  Marauder  
  120  8:34  Marauder  
  130  8:41  Widow Mine  
  130  8:42  Widow Mine  
  130  8:43  SCV x2  
  130  8:45  Marine x2  
  123  8:55  SCV x2  
Show
View Real Time Build Order
Export as new Build Order

Shameless Protoss 

Build Orders: 1 Gate Expand, Phoenix Opening 

Get SALT Encoding   

  12  0:00  Probe  
  13  0:13  Probe  
  14  0:17  Pylon  
  14  0:23  Probe  
  15  0:31  Probe  
  15  0:36  Gateway  
  15  0:40  Probe  
  16  0:45  Assimilator  
  17  0:51  Probe  
  18  1:03  Probe  
  19  1:15  Probe  
  20  1:22  Nexus  
  20  1:32  Cybernetics Core  
  20  1:35  Probe  
  21  1:40  Assimilator  
  21  1:47  Probe  
  22  1:55  Pylon  
  22  2:00  Probe  
  23  2:01  Stalker  
  23  2:08  Warp Gate  
  23  2:09  Probe  
  26  2:18  Probe  
  27  2:23  Shield Battery  
  27  2:28  Probe  
  27  2:30  Phoenix  
  27  2:31  Sentry  
  27  2:34  Probe  
  31  2:37  Robotics Facility  
  31  2:41  Probe  
  32  2:46  Probe  
  33  2:51  Stalker  
  33  2:53  Probe  
  36  2:59  Probe  
  36  3:05  Probe  
  38  3:08  Gateway  
  38  3:11  Probe  
  39  3:17  Probe, Pylon  
  40  3:23  Probe  
  40  3:25  Observer  
  42  3:27  Assimilator  
  42  3:29  Probe  
  43  3:35  Probe, Gateway  
  44  3:41  Probe  
  44  3:42  Twilight Council  
  44  3:43  Assimilator, Observer  
  44  3:47  Probe  
  47  3:53  Probe  
  48  3:59  Probe  
  48  4:01  Pylon, Immortal  
  53  4:05  Probe  
  53  4:09  Observer  
  54  4:13  Pylon  
  54  4:19  Probe x2  
  54  4:21  Charge  
  54  4:23  Stalker x2  
  60  4:32  Probe  
  62  4:42  Probe, Nexus  
  62  4:44  Probe  
  63  4:46  Observer  
  61  4:54  Probe  
  61  4:57  Templar Archives  
  61  4:59  Probe  
  63  5:02  Gateway  
  63  5:04  Gateway  
  63  5:05  Stalker  
  63  5:06  Probe  
  66  5:11  Probe  
  67  5:19  Probe  
  67  5:20  Pylon  
  68  5:23  Probe  
  69  5:29  Psionic Storm  
  69  5:31  Probe  
  68  5:35  Probe  
  68  5:38  Stalker  
  68  5:42  Stalker x2  
  73  5:45  Probe  
  73  5:49  Probe  
  75  5:53  Gateway  
  75  5:56  Pylon  
  75  5:58  Pylon  
  75  5:59  Pylon  
  75  6:11  Probe  
  70  6:14  Zealot x3  
  70  6:15  Zealot  
  70  6:18  Zealot  
  80  6:19  Probe  
  80  6:23  Probe  
  64  6:35  Stalker x2, Observer  
  64  6:36  Zealot  
  64  6:37  Observer  
  65  6:40  Gateway, Stalker  
  65  6:41  Gateway  
  65  6:49  Zealot  
  65  6:53  Immortal  
  67  6:58  High Templar  
  67  6:59  High Templar x2  
  67  7:01  Nexus  
  77  7:06  Observer  
  75  7:08  High Templar  
  75  7:13  Zealot  
  79  7:17  Pylon  
  79  7:18  Probe x2  
  79  7:20  Forge  
  79  7:21  Gateway  
  81  7:24  Immortal  
  81  7:25  Observer  
  81  7:32  Pylon  
  81  7:33  Sentry, Zealot x2  
  81  7:34  Gateway  
  81  7:36  Probe  
  92  7:38  Shield Battery  
  92  7:39  Probe  
  93  7:51  Stalker x2  
  97  7:54  Probe  
  98  7:59  Zealot x2  
  98  8:00  Probe  
  95  8:06  Probe  
  95  8:10  Observer  
  92  8:13  Probe  
  92  8:15  Probe  
  92  8:18  Probe  
  91  8:25  Probe, Zealot  
  90  8:27  Probe  
  90  8:30  Probe  
  90  8:33  Stalker  
  89  8:43  High Templar x2  
  90  8:48  Probe  
  90  8:50  Zealot x3  
  87  8:58  Archon  
  87  9:01  Zealot x3  
  87  9:02  Zealot  
Tags
 
Add a new tag
Caveats
  • Supply blocks, unpowered buildings, or Contaminate may cause inaccurate times.
  • Supply counts are checked every 10 seconds.